 Seeded DCSS version 0.28-a0-816-gb054d88 (webtiles) character file.

Game seed: 8722655620913904921 (custom seed)

45173 Sixotanaka the Wrestler (level 14, -5/118 HPs)
             Began as a Troll Chaos Knight on Nov 4, 2021.
             Was an Elder of Makhleb.
             Slain by a troll (9 damage)
             ... on level 11 of the Dungeon on Nov 8, 2021.
             The game lasted 00:41:22 (16099 turns).

Sixotanaka the Wrestler (Troll Chaos Knight)       Turns: 16099, Time: 00:41:22

Health: -5/118     AC:  7    Str: 26    XL:     14   Next: 0%
Magic:  20/20      EV: 14    Int:  8    God:    Makhleb [****..]
Gold:   788        SH:  0    Dex: 13    Spells: 13/13 levels left

rFire   . . .      SeeInvis .     - Unarmed
rCold   + + .      Faith    +   (no shield)
rNeg    . . .      Spirit   .   b - +2 robe of the Serpent {rElec rC+ Str+3 Stlth+}
rPois   .          Reflect  .   (helmet restricted)
rElec   +          Harm     .   l - +0 cloak
rCorr   .          Rampage  .   (gloves unavailable)
Will    +....                   (boots unavailable)
Stlth   ++........              H - amulet of faith
HPRegen 1.29/turn               o - +4 ring of evasion
MPRegen 0.17/turn               L - ring of protection from cold

@: slowed, very slow
A: large, unfitting armour, claws 3, regeneration 1, shaggy fur 1, tough skin 1,
antennae 1, screaming 1
a: Renounce Religion, Minor Destruction, Lesser Servant of Makhleb, Major
Destruction


You were on level 11 of the Dungeon.
You worshipped Makhleb.
Makhleb was greatly pleased with you.
You visited 3 branches of the dungeon, and saw 18 of its levels.
You also visited: Sewer.

You collected 997 gold pieces.
You spent 209 gold pieces at shops.

Inventory:

Missiles
 F - 4 throwing nets (quivered)
Armour
 b - the +2 robe of the Serpent (worn) {rElec rC+ Str+3 Stlth+}
   (You found it on level 9 of the Dungeon)

   Str:       It affects your strength (+3).
   rC:        It protects you from cold.
   rElec:     It insulates you from electricity.
   Stlth:     It makes you more stealthy.
 l - a +0 cloak (worn)
 x - a +0 kite shield
Jewellery
 f - a +4 ring of evasion
 n - a ring of positive energy
 o - a +4 ring of evasion (left claw)
 H - an amulet of faith (around neck)
 L - a ring of protection from cold (right claw)
 R - a ring of positive energy
Wands
 h - a wand of flame (36)
 i - a wand of charming (14)
 r - a wand of polymorph (7)
 K - a wand of paralysis (26)
 M - a wand of mindburst (19)
 Q - a wand of digging (5)
Scrolls
 c - 2 scrolls of enchant weapon
 d - 3 scrolls of fog
 e - 6 scrolls of magic mapping
 j - 2 scrolls of summoning
 k - 2 scrolls of fear
 p - 2 scrolls of enchant armour {unknown}
 s - a scroll of identify
 t - 2 scrolls of teleportation
 y - 2 scrolls of vulnerability {unknown}
 z - a scroll of holy word {unknown}
 D - 3 scrolls of amnesia {unknown}
 G - a scroll of acquirement {unknown}
 O - 2 scrolls of noise {unknown}
 P - a scroll of silence {unknown}
 S - a scroll of immolation {unknown}
Potions
 a - 6 potions of brilliance
 g - 2 potions of resistance
 m - 3 potions of curing
 q - 5 potions of cancellation
 u - 2 potions of lignification
 v - 2 potions of mutation
 w - 4 potions of invisibility
 A - a potion of experience {unknown}
 B - a potion of magic {unknown}
 C - 8 potions of might
 E - 2 potions of haste {unknown}
 I - a potion of attraction {unknown}
 J - 6 potions of flight


   Skills:
 - Level 2.4 Fighting
 - Level 2.4 Polearms
 - Level 1.9 Dodging
 * Level 21.5 Unarmed Combat
 + Level 9.6 Invocations


You had 13 spell levels left.
You didn't know any spells.
Your spell library contained the following spells:

 Spells                   Type           Power      Damage    Failure   Level
 Animate Skeleton         Necr           0%         N/A       41%         1
 Apportation              Tloc           0%         N/A       41%         1
 Sting                    Tmut/Pois      0%         1d3       41%         1
 Summon Small Mammal      Summ           0%         N/A       41%         1
 Poisonous Vapours        Pois/Air       0%         N/A       54%         2
 Static Discharge         Conj/Air       0%         N/A       54%         2
 Call Canine Familiar     Summ           0%         N/A       78%         3
 Ignite Poison            Fire/Tmut/Pois 0%         N/A       78%         3
 Mephitic Cloud           Conj/Pois/Air  0%         N/A       78%         3
 Ozocubu's Armour         Ice            0%         N/A       78%         3
 Summon Guardian Golem    Hex/Summ       0%         N/A       78%         3
 Dispel Undead            Necr           0%         3d6       99%         4
 Olgreb's Toxic Radiance  Pois           0%         N/A       99%         4
 Sticky Flame             Conj/Fire      0%         2d3       99%         4
 Freezing Cloud           Conj/Ice/Air   0%         6-21      100%        5
 Metabolic Englaciation   Hex/Ice        0%         N/A       100%        5
 Simulacrum               Ice/Necr       0%         N/A       100%        6
 Malign Gateway           Summ/Tloc      0%         N/A       100%        7
 Summon Horrible Things   Summ           0%         N/A       100%        8


Dungeon Overview and Level Annotations

Branches:
Dungeon (11/15)            Temple (1/1) D:4            Lair (6/6) D:10
  Swamp (0/4) Lair:2       Spider (0/4) Lair:3        Slime (0/5) Lair:5
    Orc (0/2) D:10          Sewer (visited)

Altars:
Ashenzari
Cheibriados
Dithmenos
Elyvilon
Fedhas
Gozag
Hepliaklqana
Kikubaaqudgha
Makhleb
Nemelex Xobeh
Okawaru
Qazlal
Ru
Sif Muna
Trog
Uskayaw
Vehumet
Wu Jian
Xom
Yredelemnul
Zin
The Shining One

Shops:
D:5 *   D:6 ?

Annotations:
D:7 1 runed translucent door
D:9 exclusion: door
D:11 Josephine
Lair:2 1 runed translucent door, exclusion: ice statue, Pamiuf's ghost, journeyman KoSu
Lair:3 exclusion: 4 oklob plants
Lair:5 exclusion: oklob plant
Lair:6 exclusion: obsidian statue


Innate Abilities, Weirdness & Mutations

You are too large for most types of armour.
You have claws for hands.
Your natural rate of healing is unusually fast.
You are covered in fur. (AC +1)
You have tough skin. (AC +1)
You have a pair of small antennae on your head.
You occasionally shout uncontrollably at your foes.


Message History

A wraith comes into view.
You mangle Josephine!! You claw Josephine!
Josephine is heavily wounded.
The troll bites you! The troll claws you. The troll closely misses you.
You mangle Josephine!!
Josephine is severely wounded.
Josephine hits you with a +0 dagger.
You closely miss Josephine.
Josephine is severely wounded.
The troll barely misses you. The troll claws you but does no damage.
The troll barely misses you. Josephine draws life force from you!!
Josephine is healed by the life force!
You barely miss Josephine.
Josephine is heavily wounded.
The troll bites you but does no damage. The troll misses you.
The troll barely misses you. Josephine hits you but does no damage.
You claw Josephine!
Josephine is severely wounded.
The troll bites you but does no damage. The troll claws you!
* * * LOW HITPOINT WARNING * * *
The troll claws you.
* * * LOW HITPOINT WARNING * * *
Unknown command.
You barely miss Josephine.
Josephine is severely wounded.
Josephine draws life force from you!
* * * LOW HITPOINT WARNING * * *
Josephine is healed by the life force!
The troll bites you!
* * * LOW HITPOINT WARNING * * *
The troll barely misses you. The troll claws you but does no damage.
You feel much better. Josephine hits you with a +0 dagger.
* * * LOW HITPOINT WARNING * * *
The troll bites you!
* * * LOW HITPOINT WARNING * * *
The troll claws you but does no damage. x2
Josephine hits you with a +0 dagger!
* * * LOW HITPOINT WARNING * * *
The troll closely misses you. The troll claws you!
You die...
Xom laughs nastily!

.. ...# ..# ...#
...#.# W. ...
.#...#.# #.###..
....>.. .W##.#
#...##### # #W##.#
#.....<..
#.##@##.####...#####
#..@................
##T.................
#...(.#..............
#.#.#########...#####
#.#. #......... # #.
#.....#### .. #...>.#
# #. ##...## # ##...#
#


You could see Josephine, a troll and 2 wraiths.

Vanquished Creatures
  An ice dragon (Lair:2)
  Harold (D:8)
  2 boulder beetles
  3 hydras
  A two-headed ogre (D:10)
  A death yak (Lair:6)
  A spectral dire elephant (Lair:6)
  A spectral death yak (Lair:6)
  A deep elf pyromancer (D:9)
  Pikel (D:7)
  A necromancer (Lair:6)
  An orc knight (D:10)
  An ugly thing (D:9)
  2 cyclopes
  2 black mambas (Lair:4)
  2 torpor snails
  7 elephants (Lair:6)
  14 cane toads
  11 komodo dragons
  5 rime drakes
  Maggie (D:8)
  A meliai (D:8)
  3 trolls
  6 polar bears
  4 blink frogs
  Grinder (D:3)
  A wraith (D:11)
  2 wyverns (Lair:3)
  A vampire (D:11)
  33 yaks
  A basilisk (Lair:4)
  3 steam dragons
  4 swamp worms (Lair:2)
  2 vampire mosquitoes (D:11)
  A spectral cane toad (Lair:6)
  2 acid dragons (D:10)
  Duvessa (D:5)
  18 water moccasins
  6 orc warriors
  2 necrophages
  10 ice beasts
  4 ogres (D:5)
  2 centaurs
  9 wolves
  2 phantoms
  An elephant skeleton (Lair:6)
  4 kobold brigands
  13 bullfrogs
  Dowan (D:5)
  A water moccasin zombie (D:6)
  4 scorpions
  A water moccasin skeleton (D:5)
  5 killer bees (D:9)
  An elephant simulacrum (Lair:6)
  A howler monkey (D:11)
  An electric eel (Lair:2)
  3 centaur zombies
  6 orc priests
  5 jellies
  Crazy Yiuf (D:3)
  A bullfrog skeleton (D:5)
  A gnoll shaman (D:6)
  3 centaur skeletons
  8 iguanas
  Terence (D:3)
  4 hell rats (Lair:2)
  5 orc wizards
  A howler monkey zombie (D:8)
  9 gnolls
  12 adders
  8 river rats (Sewer)
  3 white imps
  An ufetubus (D:5)
  2 adder skeletons (D:4)
  3 worms
  3 dart slugs
  52 orcs
  12 ball pythons
  3 bats
  7 endoplasms
  7 giant cockroaches
  6 goblins
  2 hobgoblins
  4 jackals
  31 kobolds
  7 quokkas
  7 frilled lizards
  40 rats
  A rat zombie (D:9)
471 creatures vanquished.

Vanquished Creatures (collateral kills)
  4 hydras
  A fire crab (Lair:6)
  A lindwurm (Lair:6)
  2 elephants (Lair:6)
  A cane toad (Lair:1)
  A blink frog (Lair:4)
  A yak (Lair:4)
  2 water moccasins (Lair:6)
  A wolf (Lair:6)
  2 bullfrogs (Lair:4)
16 creatures vanquished.

Vanquished Creatures (others)
  43 fungi
  38 plants
  14 withered plants (Lair:6)
95 creatures vanquished.

Grand Total: 582 creatures vanquished

Notes
Turn   | Place    | Note
-------+----------+-------------------------------------------
     0 | D:1      | Sixotanaka the Troll Chaos Knight began the quest for the
                  | Orb.
     0 | D:1      | Reached XP level 1. HP: 22/22 MP: 0/0
     0 | D:1      | Upgraded the game from 0.28-a0-793-g31680bb to
                  | 0.28-a0-816-gb054d88
   115 | D:1      | Reached skill level 1 in Unarmed Combat
   259 | D:1      | XOM: potion effect (brilliance)
   263 | D:1      | Reached XP level 2. HP: 29/29 MP: 1/1
   373 | D:1      | XOM is BORED!
   373 | D:1      | XOM: silly message
   475 | D:1      | Found a broken altar of Ashenzari.
   511 | D:2      | Reached skill level 2 in Unarmed Combat
   582 | D:2      | Reached XP level 3. HP: 35/36 MP: 2/2
   625 | D:2      | Reached skill level 3 in Unarmed Combat
   648 | D:2      | Found a faded altar of an unknown god.
   719 | D:2      | XOM: silly message
  1006 | D:2      | XOM: divination: detect items
  1183 | D:2      | XOM: divination: magic mapping
  1214 | D:2      | XOM: silly message
  1271 | D:2      | Reached XP level 4. HP: 42/42 MP: 3/3
  1501 | D:3      | Noticed Terence
  1511 | D:3      | Killed Terence
  1512 | D:3      | Reached skill level 4 in Unarmed Combat
  1576 | D:3      | Noticed Grinder
  1580 | D:3      | Paralysed by Grinder for 4 turns
  1589 | D:3      | Paralysed by Grinder for 5 turns
  1597 | D:3      | Killed Grinder
  1598 | D:3      | Reached skill level 6 in Unarmed Combat
  1598 | D:3      | Reached XP level 5. HP: 36/50 MP: 4/4
  1598 | D:3      | Reached XP level 6. HP: 43/59 MP: 5/5
  1803 | D:3      | Found a shimmering altar of Xom.
  1836 | D:3      | XOM: silly message
  2103 | D:3      | Found a runed translucent door.
  2104 | D:3      | Noticed Crazy Yiuf
  2144 | D:3      | Killed Crazy Yiuf
  2254 | D:4      | Reached skill level 7 in Unarmed Combat
  2304 | D:4      | Reached XP level 7. HP: 60/66 MP: 6/6
  2761 | D:4      | XOM is BORED!
  2761 | D:4      | XOM: noise
  2771 | D:4      | XOM: potion effect (haste)
  2782 | D:4      | Reached skill level 8 in Unarmed Combat
  2906 | D:4      | Found a staircase to the Ecumenical Temple.
  2906 | D:4      | XOM: 4-stop teleportation journey
  2928 | Temple   | Entered the Ecumenical Temple
  3216 | D:5      | Entered Level 5 of the Dungeon
  3318 | D:5      | XOM: potion effect (brilliance)
  3337 | D:5      | Reached skill level 9 in Unarmed Combat
  3350 | D:5      | Reached XP level 8. HP: 74/74 MP: 7/7
  3389 | D:5      | Found Puvadgha's General Store.
  3391 | D:5      | XOM: potion effect (heal wounds)
  3394 | D:5      | XOM: swap monsters
  3404 | D:5      | Reached skill level 10 in Unarmed Combat
  3414 | D:5      | Bought a potion of heal wounds for 55 gold pieces
  3414 | D:5      | Bought 3 scrolls of identify for 66 gold pieces
  3414 | D:5      | Bought a scroll of identify for 22 gold pieces
  3482 | D:5      | Found a sacrificial altar of Ru.
  3482 | D:5      | Found a burning altar of Makhleb.
  3533 | D:5      | XOM: god gift: phial of floods
  3562 | D:5      | Fell from the grace of Xom
  3563 | D:5      | Became a worshipper of Makhleb the Destroyer
  3576 | D:5      | Noticed Dowan
  3578 | D:5      | Noticed Duvessa
  3589 | D:5      | Killed Duvessa
  3590 | D:5      | Reached skill level 11 in Unarmed Combat
  3599 | D:5      | Killed Dowan
  3827 | D:5      | XOM: give mutations
  3827 | D:5      | Gained mutation: You are clumsy. (Dex -2) [Xom's mischief]
  3827 | D:5      | Gained mutation: Armour fits poorly on your strangely
                  | shaped body. [Xom's mischief]
  4069 | D:6      | Found Wobu's Magic Scroll Shoppe.
  4093 | D:6      | Found a glowing drain.
  4097 | Sewer    | Entered a sewer
  4155 | Sewer    | Reached * piety under Makhleb
  4172 | Sewer    | XOM: torment (38/74 hp)
  4315 | Sewer    | Reached XP level 9. HP: 80/80 MP: 8/8
  4319 | Sewer    | XOM: polymorph frilled lizard -> bat
  4486 | Sewer    | Reached ** piety under Makhleb
  4685 | D:6      | Bought a scroll of identify for 22 gold pieces
  4685 | D:6      | Bought a scroll of identify for 22 gold pieces
  4685 | D:6      | Bought a scroll of identify for 22 gold pieces
  4825 | D:6      | Reached skill level 12 in Unarmed Combat
  5336 | D:6      | XOM: summons 1 hostile shadow creature
  5466 | D:7      | Found a runed translucent door.
  5878 | D:7      | XOM: give mutations
  5878 | D:7      | Lost mutation: Armour fits poorly on your strangely shaped
                  | body. [Xom's mischief]
  5878 | D:7      | Gained mutation: You have a pair of small antennae on your
                  | head. [Xom's mischief]
  5878 | D:7      | Gained mutation: Your body sometimes deteriorates upon
                  | taking damage. [Xom's mischief]
  5917 | D:7      | Noticed Pikel
  5928 | D:7      | Killed Pikel
  5929 | D:7      | Reached skill level 13 in Unarmed Combat
  6141 | D:8      | XOM: noise
  6279 | D:8      | Reached skill level 14 in Unarmed Combat
  6286 | D:8      | Reached XP level 10. HP: 64/88 MP: 9/9
  6357 | D:8      | XOM: 1-stop teleportation journey
  6505 | D:8      | Found a blossoming altar of Fedhas.
  6636 | D:8      | Noticed Harold
  6640 | D:8      | Reached *** piety under Makhleb
  6649 | D:8      | Killed Harold
  6650 | D:8      | Reached skill level 15 in Unarmed Combat
  6736 | D:8      | Noticed Maggie
  6753 | D:8      | Killed Maggie
  7271 | D:9      | Noticed a cyclops
  7271 | D:9      | Noticed a purple ugly thing
  7271 | D:9      | Noticed a deep elf pyromancer
  7369 | D:9      | Identified the +2 robe of the Serpent {rElec rC+ Str+3
                  | Stlth+}
  7415 | D:9      | XOM: 1-stop teleportation journey
  7452 | D:9      | Found an opulent altar of Gozag.
  7499 | D:9      | Reached skill level 16 in Unarmed Combat
  7737 | D:9      | Found an ancient bone altar of Kikubaaqudgha.
  7880 | D:9      | Killed a deep elf pyromancer
  8163 | D:9      | Reached XP level 11. HP: 61/94 MP: 10/10
  8292 | D:9      | Noticed a four-headed hydra
  8293 | D:9      | Noticed a boulder beetle
  8319 | D:9      | Killed a purple ugly thing
  8402 | D:10     | Entered Level 10 of the Dungeon
  8685 | D:10     | Found a staircase to the Orcish Mines.
  8687 | D:10     | Noticed an orc knight
  8701 | D:10     | Killed an orc knight
  8702 | D:10     | Reached skill level 17 in Unarmed Combat
  8702 | D:10     | Reached skill level 1 in Invocations
  8754 | D:10     | Reached **** piety under Makhleb
  8830 | D:10     | Noticed a two-headed ogre
  8836 | D:10     | Killed a two-headed ogre
  8913 | D:10     | Found a staircase to the Lair.
  8926 | D:10     | XOM: silly message
  8936 | Lair:1   | Entered Level 1 of the Lair of Beasts
  9029 | Lair:1   | XOM: silly message
  9100 | Lair:1   | XOM: silly message
  9114 | Lair:1   | You fall into a shaft and drop 1 floor!
  9140 | Lair:1   | Noticed a seven-headed hydra
  9149 | Lair:1   | Killed a seven-headed hydra
  9370 | Lair:1   | Reached skill level 18 in Unarmed Combat
  9697 | Lair:1   | XOM: noise
  9835 | Lair:1   | XOM: cloud trail
 10021 | Lair:2   | Noticed a seven-headed hydra
 10033 | Lair:2   | Killed a seven-headed hydra
 10034 | Lair:2   | Reached XP level 12. HP: 87/104 MP: 14/14
 10081 | Lair:2   | Noticed an ice dragon
 10268 | Lair:2   | Reached skill level 5 in Invocations
 10560 | Lair:2   | Found a runed translucent door.
 10566 | Lair:2   | Noticed Pamiuf's ghost (journeyman KoSu)
 10567 | Lair:2   | Identified the +11 spear of Werch {drain, rElec rF+ rN+
                  | Str+2}
 10777 | Lair:2   | Killed an ice dragon
 11156 | Lair:2   | Found a staircase to the Swamp.
 11245 | Lair:2   | XOM: noise
 11391 | Lair:2   | Lost mutation: Your body sometimes deteriorates upon taking
                  | damage. [potion of mutation]
 11391 | Lair:2   | Lost mutation: You are clumsy. (Dex -2) [potion of
                  | mutation]
 11391 | Lair:2   | Gained mutation: You occasionally shout uncontrollably at
                  | your foes. [potion of mutation]
 11549 | Lair:3   | Reached skill level 19 in Unarmed Combat
 11983 | Lair:3   | Noticed a boulder beetle
 11984 | Lair:3   | Found a hole to the Spider Nest.
 12000 | Lair:3   | Killed a boulder beetle
 12516 | Lair:4   | Noticed an eight-headed hydra
 12527 | Lair:4   | Killed an eight-headed hydra
 12589 | Lair:4   | XOM: 3-stop teleportation journey
 12589 | Lair:4   | Was forgiven by Xom
 12950 | Lair:4   | Noticed a boulder beetle
 12964 | Lair:4   | Killed a boulder beetle
 13129 | Lair:4   | Noticed a seven-headed hydra
 13137 | Lair:4   | Killed a seven-headed hydra
 13138 | Lair:4   | Reached skill level 20 in Unarmed Combat
 13138 | Lair:4   | Reached XP level 13. HP: 85/110 MP: 17/17
 14472 | Lair:5   | Found a staircase to the Slime Pits.
 14515 | Lair:6   | Entered Level 6 of the Lair of Beasts
 15057 | Lair:6   | Reached skill level 21 in Unarmed Combat
 15383 | Lair:6   | Noticed a dire elephant
 15383 | Lair:6   | Noticed a dire elephant
 15384 | Lair:6   | Noticed a dire elephant
 16086 | D:11     | Reached XP level 14. HP: 75/118 MP: 20/20
 16086 | D:11     | Noticed Josephine
 16099 | D:11     | HP: 4/118 [Josephine (7)]
 16099 | D:11     | Slain by a troll

Illustrated notes

Levels and vault maps discovered:
D:1:      dpeg_arrival_lava_altar, layout_rooms
D:2:      layout_basic, chequers_ecumenical_altar_lobes, minmay_close_crescents
D:3:      layout_basic, lemuel_doored_altar, minmay_rat_hole, uniq_grinder,
          uniq_terence, uniq_crazy_yiuf_cottage
D:4:      layout_basic, minmay_temple_entry_slanted
D:5:      wad_crossroads, layout_cave_pools,
          chequers_temple_overflow_statue_of_worship, serial_shops,
          nicolae_stop_n_shop_1, dk_vineyard_1, st_stairs_12,
          kennysheep_cluttered_room, uniq_duvessa
D:6:      layout_basic, serial_shops, shop, gup_sewer_entry_bowl,
          serial_corexii_hall, corexii_hall_statues_s, corexii_hall_statues_l,
          chequers_hall_statues_corner_a, chequers_hall_statues_corner_a,
          chequers_hall_statues_wall_a, corexii_hall_statues_i
D:7:      layout_basic, lightli_church_of_beogh, uniq_pikel
D:8:      layout_layer_cave, lemuel_coloured_pillars_altar, uniq_maggie,
          uniq_harold
D:9:      minmay_shrinking_squares, layout_irregular_city,
          lemuel_zombie_altar_kikubaaqudgha, nicolae_overflow_crystal_walls,
          minmay_lizard_king
D:10:     layout_basic, lair_entry_dummy, orc_david_3, serial_park_tiny_2,
          hangedman_decor_slide_cut, item_on_display_a
D:11:     layout_loops_cross, fedhas_altar_4, uniq_josephine
Temple:   nicolae_temple_x_marks_the_god
Lair:1:   layout_regular_city, beast_lair_carwin_10
Lair:2:   layout_long_grid, nicolae_swamp_entry_splash_gauntlet,
          ebering_ghost_funeral_grove, small_statue_intersection, ice2_lemuel
Lair:3:   layout_big_grid, nicolae_spider_entry_non_spiders, disabler_island,
          grunt_megastairs_5
Lair:4:   wad_woods_structure_01, layout_hall_layers, pond
Lair:5:   layout_loops_ring, minmay_slime_entry_oklob_open,
          serial_bayou_shore_a, grunt_megastairs_3
Lair:6:   due_jungle_book, layout_long_grid

Skill      XL: |  1  2  3  4  5  6  7  8  9 10 11 12 13 |
---------------+----------------------------------------+-----
Unarmed Combat | 1 2 3 6 7 9 11 14 16 18 20 21 | 21.5
Invocations    | 4 7 9 |  9.6
Fighting       | |  2.4
Polearms       | |  2.4
Dodging        | |  1.9

Action                   |  1- 3 |  4- 6 |  7- 9 | 10-12 | 13-15 || total
-------------------------+-------+-------+-------+-------+-------++-------
Melee: Unarmed           |    78 |   124 |   376 |   597 |   250 ||  1425
       Punch             |       |     4 |    13 |    43 |    27 ||    87
Invok: Renounce Religion |       |       |     1 |       |       ||     1
       Minor Destruction |       |       |       |     9 |     1 ||    10
       Lesser Servant of |       |       |       |    16 |    14 ||    30
       Major Destruction |       |       |       |     3 |       ||     3
  Use: Scroll            |       |       |    14 |     5 |       ||    19
       Potion            |       |       |       |     5 |     1 ||     6
 Stab: Sleeping          |     1 |     2 |       |     1 |     4 ||     8
       Distracted        |       |       |     3 |     4 |     1 ||     8
Armor: Robe              |    18 |    41 |    96 |   102 |    55 ||   312
       Steam dragon scal |       |       |       |     4 |       ||     4
Dodge: Dodged            |    30 |    47 |   234 |   357 |   132 ||   800

Table legend: (Time is in decaauts)
 A = Elapsed time spent in this place.
 B = Non-inter-level travel time spent in this place.
 C = Inter-level travel time spent in this place.
 D = Time resting spent in this place.
 E = Time spent auto-exploring this place.
 F = Levels seen in this place.
 G = Mean time per level.
                   A        B        C        D        E       F      G
               +--------+--------+--------+--------+--------+-----+--------+
         Total |  15773 |  15247 |    526 |   1538 |  10203 |  19 |  830.2 |
       Dungeon |   8683 |   8478 |    205 |    456 |   6230 |  11 |  789.4 |
        Temple |     37 |     37 |      0 |      0 |      0 |   1 |   37.0 |
          Lair |   6542 |   6221 |    321 |   1050 |   3677 |   6 | 1090.3 |
         Sewer |    509 |    509 |      0 |     32 |    296 |   1 |  509.0 |
               +--------+--------+--------+--------+--------+-----+--------+

Top non-repeatable levels by time:
  Lair:2: 1401 daAuts
  Lair:4: 1342 daAuts
     D:9: 1144 daAuts
  Lair:1: 1077 daAuts
     D:8: 1063 daAuts
     D:2: 983 daAuts
  Lair:6: 963 daAuts
  Lair:3: 906 daAuts
     D:4: 905 daAuts
     D:6: 853 daAuts
  Lair:5: 851 daAuts
     D:7: 788 daAuts
    D:10: 787 daAuts
     D:3: 746 daAuts
     D:5: 739 daAuts
